 Dungeon Crawl Stone Soup version 0.19.5 (webtiles) character file.

27 lauthentik the Grave Robber (level 2, -6/22 HPs)
             Began as a Deep Dwarf Necromancer on Apr 17, 2017.
             Mangled by Natasha (8 damage)
             ... on level 2 of the Dungeon.
             The game lasted 00:04:16 (608 turns).

lauthentik the Grave Robber (Deep Dwarf Necromancer) Turns: 608, Time: 00:04:17

Health: -6/22      AC:  2    Str: 11    XL:     2   Next: 93%
Magic:  0/5        EV: 12    Int: 15    God:
Gold:   71         SH:  0    Dex: 13    Spells: 1 memorised, 4 levels left

rFire  . . .     SeeInvis .     p - +0 short sword
rCold  . . .     Gourm    .     a - +0 robe
rNeg   . . .     Faith    .     (no shield)
rPois  .         Spirit   .     (no helmet)
rElec  .         Reflect  .     (no cloak)
rCorr  .         Harm     .     (no gloves)
MR     .....                    (no boots)
Stlth  ++........               (no amulet)
                                (no ring)
                                (no ring)

@: very slightly contaminated, non-regenerating
A: damage resistance, recharge devices, sense surroundings 1, slow regeneration
3
a: Device Recharging


You were on level 2 of the Dungeon.
You were not hungry.

You visited 1 branch of the dungeon, and saw 2 of its levels.

You collected 71 gold pieces.

Inventory:

Hand Weapons
 j - a +0 club
 p - a +0 short sword (weapon)
Armour
 a - a +0 robe (worn)
 e - a +0 robe
 r - a +0 cloak
Jewellery
 n - an uncursed ring of protection from magic {unknown}
Wands
 c - a wand of heal wounds (5/9)
Scrolls
 f - a scroll of random uselessness {unknown}
 l - a scroll of immolation {unknown}
 m - a scroll of recharging {unknown}
 q - a scroll of identify {unknown}
 u - a scroll of enchant weapon {unknown}
Potions
 g - a potion of haste {unknown}
 i - 3 potions of curing {unknown}
 k - a potion of lignification {unknown}
 t - a potion of ambrosia {unknown}
Books
 b - a book of Necromancy

   Spells                             Type                      Level
   a - Pain                           Necromancy                   1
   b - Animate Skeleton               Necromancy                   1
   c - Vampiric Draining              Necromancy                   3
   d - Regeneration                   Charms/Necromancy            3
   e - Animate Dead                   Necromancy                   4
   f - Control Undead                 Necromancy                   4
Comestibles
 d - a bread ration
 h - 2 beef jerkies
 o - 2 meat rations
 s - a chunk of flesh


   Skills:
 + Level 0.6 Maces & Flails
 + Level 2.3 Dodging
 + Level 2.6 Stealth
 + Level 2.1 Spellcasting
 + Level 4.8 Necromancy


You had 4 spell levels left.
You knew the following spells:

 Your Spells              Type           Power        Failure   Level  Hunger
a - Pain                  Necr           ###.         3%          1    #......


Dungeon Overview and Level Annotations

Branches:
Dungeon (2/15)

Altars:

Annotations:
D:2 Natasha


Innate Abilities, Weirdness & Mutations

You are resistant to damage.
You can recharge devices by infusing magical energy.
You passively map a small area around you.
You do not regenerate.


Message History

Aim: Natasha (chance to defeat MR: 75%) Natasha struggles to resist.
Natasha casts a spell at you. You resist with some effort.
Casting: Pain
Confirm with . or Enter, or press ? or * to list all spells.
Aiming: Pain
Press: ? - help, Shift-Dir - straight line, f/p - Natasha
Aim: Natasha (chance to defeat MR: 75%) Natasha writhes in agony!
Natasha claws you.
* * * LOW HITPOINT WARNING * * *
You miss Natasha.
Natasha is heavily wounded.
Natasha stares at you and mumbles some strange words.
The magic dart hits you!
* * * LOW HITPOINT WARNING * * *
You hit Natasha.
Natasha is almost dead.
Natasha claws you!
You die...

, * * *##.## ,
.### ## ... #.,...
..,...,* , .#).,..
#. ...* *
...##.##.##.# .#.
....#.5...#.#
....###.....##5#.#
......#...(..#.#@#
..##..#..##...5h.#
...#......#......#
......##....####.#
.......#....# #.#
...##....#### #..
....#....# * *
###. #.....#### ,
,, *.# ..#...# * *
* , ,#


You could see Natasha and a crimson imp.

Vanquished Creatures
  An ooze (D:1)
  2 dart slugs (D:1)
  2 leopard geckos
  A giant cockroach (D:1)
  A goblin (D:1)
  2 hobgoblins (D:1)
  A kobold (D:1)
  4 bats
  2 frilled lizards
  A rat (D:1)
17 creatures vanquished.

Notes
Turn   | Place    | Note
-------+----------+-------------------------------------------
     0 | D:1      | lauthentik the Deep Dwarf Necromancer began the quest for the Orb.
     0 | D:1      | Reached XP level 1. HP: 15/15 MP: 3/3
   209 | D:1      | Reached XP level 2. HP: 10/22 MP: 0/4
   595 | D:2      | Noticed Natasha
   601 | D:2      | Noticed a crimson imp
   608 | D:2      | Mangled by Natasha

Skill      XL: |  1  2 |
---------------+-------+-----
Spellcasting   | 2 |  2.1
Maces & Flails | |  0.6
Dodging        | |  2.3
Stealth        | |  2.6
Necromancy     | |  4.8

Action                   || total
-------------------------++-------
Melee: Club              ||    20
       Short sword       ||     6
 Cast: Pain              ||    31
 Stab: Sleeping          ||     1
Armor: Robe              ||     8
Dodge: Dodged            ||    17
